 Dungeon Crawl Stone Soup version 0.22.1-5-g62c59d919a (webtiles) character file.

132 Riddle the Digger (level 5, -5/39 HPs)
             Began as a Formicid Earth Elementalist on Jan 13, 2019.
             Killed by divine providence
             ... invoked by an orc priest
              (15 damage)
             ... on level 3 of the Dungeon.
             The game lasted 00:10:32 (4224 turns).

Riddle the Digger (Formicid Earth Elementalist)     Turns: 4224, Time: 00:10:32

Health: -5/39      AC:  2    Str: 12    XL:     5   Next: 38%
Magic:  8/10       EV: 12    Int: 16    God:
Gold:   128        SH:  0    Dex: 11    Spells: 7/10 levels left

rFire    . . .     SeeInvis +   q - +0 trident
rCold    . . .     Gourm    .   (no shield)
rNeg     . . .     Faith    .   c - +0 robe
rPois    .         Spirit   .   (helmet unavailable)
rElec    .         Reflect  .   (no cloak)
rCorr    .         Harm     .   (no gloves)
MR       .....                  (no boots)
Stlth    ++........             (no amulet)
HPRegen  0.13/turn              (no ring)
MPRegen  0.12/turn              (no ring)

@: no status effects
A: permanent stasis, dig shafts and tunnels, four strong arms, antennae 3
a: Dig, Shaft Self


You were on level 3 of the Dungeon.
You were not hungry.

You visited 1 branch of the dungeon, and saw 3 of its levels.

You collected 128 gold pieces.

Inventory:

Hand Weapons
 q - a +0 trident (weapon)
Missiles
 b - 39 stones (quivered)
Armour
 c - a +0 robe (worn)
Jewellery
 a - an uncursed amulet of the gourmand {unknown}
 p - an uncursed amulet of harm {unknown}
Wands
 m - a wand of paralysis (12)
Scrolls
 e - a scroll of enchant armour {unknown}
 g - 4 scrolls of teleportation {unknown}
 j - a scroll of random uselessness {unknown}
 k - a scroll of blinking {unknown}
 n - 3 scrolls of identify {unknown}
Potions
 f - a potion of invisibility {unknown}
 h - 2 potions of heal wounds {unknown}
 i - a potion of lignification {unknown}
 o - a potion of curing {unknown}
 r - a potion of degeneration {unknown}
Comestibles
 d - 4 rations
 l - 2 chunks of flesh


   Skills:
 + Level 2.6 Fighting
 - Level 2.0 Dodging
 - Level 2.4 Stealth
 + Level 3.3 Spellcasting
 + Level 2.8 Transmutations
 - Level 4.0 Earth Magic


You had 7 spell levels left.
You knew the following spells:

 Your Spells              Type           Power        Failure   Level  Hunger
a - Sandblast             Erth           ###...       3%          1    None
b - Passwall              Tmut/Erth      ##......     7%          2    ##.....

Your spell library contained the following spells:

 Spells                   Type           Power        Failure   Level  Hunger
 Stone Arrow              Conj/Erth      #.....       24%         3    ###....
 Petrify                  Tmut/Erth      ##......     41%         4    ####...
 Lee's Rapid Deconstruct  Erth           ###.......   67%         5    ######.


Dungeon Overview and Level Annotations

Branches:
Dungeon (3/15)

Altars:
Wu Jian

Annotations:
D:3 Grinder


Innate Abilities, Weirdness & Mutations

You cannot be hasted, slowed, berserked, paralysed or teleported.
You can dig through walls and to a lower floor.
Your four strong arms can wield two-handed weapons with a shield.
You have a pair of large antennae on your head. (SInv)


Message History

Confirm with . or Enter, or press ? or * to list all spells.
Aiming: Sandblast (safe; 3% risk of failure)
Press: ? - help, Shift-Dir - straight line, f - orc priest
Aim: an orc priest, wearing a ring mail (moderately wounded)
The blast of sand misses the orc priest.
b - 40 stones The orc priest mumbles some strange prayers to Beogh against you.
Beogh smites you!
* * * LOW HITPOINT WARNING * * *
Casting: Sandblast (safe; 3% risk of failure)
Confirm with . or Enter, or press ? or * to list all spells.
Aiming: Sandblast (safe; 3% risk of failure)
Press: ? - help, Shift-Dir - straight line, f/p - orc priest
Aim: an orc priest, wearing a ring mail (moderately wounded)
The blast of sand hits the orc priest.
The orc priest is almost dead.
b - 39 stones The orc priest invokes the aid of Beogh against you.
Beogh smites you!
You die...

#.#.#####.# .. #.#.......#
#.# { #....###### ..#{ {
## ####.# ######{.# .####
#.#####.......# ....#
#........###.......
.##.##########.#?##....###
......# ####o######
.##.#.#### #@## .#.......#
### ##.......# .........#
##.......# #.......#
#.......# #.......#
####.####


You could see an orc priest.

Vanquished Creatures
  An orc priest (D:3)
  An orc wizard (D:3)
  An adder (D:3)
  2 oozes (D:2)
  A worm (D:2)
  2 dart slugs (D:1)
  A leopard gecko (D:1)
  An orc (D:3)
  6 bats
  2 giant cockroaches
  9 goblins
  6 hobgoblins
  4 jackals (D:1)
  A quokka (D:3)
  A frilled lizard (D:1)
  5 kobolds
  7 rats
  A plant (D:2)
52 creatures vanquished.

Notes
Turn   | Place    | Note
-------+----------+-------------------------------------------
     0 | D:1      | Riddle the Formicid Earth Elementalist began the quest for
                  | the Orb.
     0 | D:1      | Reached XP level 1. HP: 13/13 MP: 3/3
   376 | D:1      | Reached XP level 2. HP: 20/20 MP: 5/5
   380 | D:1      | Learned a level 2 spell: Passwall
  1163 | D:1      | Reached skill level 1 in Fighting
  1175 | D:1      | Reached XP level 3. HP: 20/26 MP: 6/6
  1182 | D:1      | Reached skill level 4 in Earth Magic
  2653 | D:2      | Reached XP level 4. HP: 33/33 MP: 5/8
  2944 | D:2      | Found an ornate altar of the Wu Jian Council.
  3896 | D:3      | Noticed Grinder
  3949 | D:3      | Reached XP level 5. HP: 18/39 MP: 4/9
  4224 | D:3      | Killed from afar by an orc priest

Skill      XL: |  1  2  3  4 |
---------------+-------------+-----
Dodging        | 2 |  2.0
Fighting       | 1 2 |  2.6
Earth Magic    | 4 |  4.0
Transmutations | 2 |  2.8
Spellcasting   | 3 |  3.3
Stealth        | |  2.4

Action                   |  1- 3 |  4- 6 || total
-------------------------+-------+-------++-------
Melee: Unarmed           |    27 |       ||    27
       Short sword       |   247 |    11 ||   258
       Trident           |       |    58 ||    58
 Cast: Sandblast         |     1 |    10 ||    11
 Abil: Dig               |       |     2 ||     2
 Stab: Sleeping          |     4 |     3 ||     7
  Eat: Chunk             |     4 |     4 ||     8
       Ration            |       |     1 ||     1
Armor: Robe              |    35 |     9 ||    44
Dodge: Dodged            |    99 |    35 ||   134
